 Dungeon Crawl Stone Soup version 0.31.0-32-g396128a36d (webtiles) character file.

Game seed: 2296008819192579774

147759 Alphaeus the Metamorph (level 16, -18/165 HPs)
             Began as a Troll Shapeshifter on Mar 19, 2024.
             Was the Champion of Qazlal.
             Demolished by an Ice Fiend (72 damage)
             ... summoned by a deep elf demonologist
             ... on level 3 of the Elven Halls.
             The game lasted 00:47:50 (20114 turns).

Alphaeus the Metamorph (Troll Shapeshifter)        Turns: 20114, Time: 00:47:50

Health: -18/165    AC: 18    Str: 37    XL:     16   Next: 92%
Magic:  19/23      EV: 19    Int:  9    God:    Qazlal [******]
Gold:   2419       SH: 13    Dex:  9    Spells: 15/15 levels left

rFire   . .          .
                       - Unarmed
rCold   . . .        (shield currently unavailable)
rNeg    + + +        C - +6 acid dragon scales
rPois   +            (helmet restricted)
rElec   +            (no cloak)
rCorr   +            (gloves unavailable)
SInv    .            (boots unavailable)
Will    ++...        o - amulet "Ogimiqoc" {Reflect Str+5 SH+5}
Stlth   +            K - ring of the Hare {EV+10}
HPRegen 1.27/turn    R - ring "Ziarod" {rElec rC- rN+++ AC+4 Int+3}
MPRegen 0.18/turn

%: repel missiles, reflection
@: blade hands, protected from cold, studying Polearms
A: large, unfitting armour, (claws 3), regeneration 1, shaggy fur 2, tough skin
1, strong-willed 1, poison resistance, screaming 2
a: Begin Untransformation, Renounce Religion, Upheaval, Elemental Force,
Disaster Area


You were on level 3 of the Elven Halls.
You worshipped Qazlal.
Qazlal was exalted by your worship.
You had blades for hands.
You visited 5 branches of the dungeon, and saw 25 of its levels.
You also visited: Trove and Ice Cave.

You collected 3699 gold pieces.
You spent 1280 gold pieces at shops.

Inventory:

Armour
 m - +0 ice dragon scales
 C - +6 acid dragon scales (worn)
 D - a +0 scale mail
Jewellery
 g - a ring of flight
 o - the amulet "Ogimiqoc" (around neck) {Reflect Str+5 SH+5}
   (You acquired it on level 10 of the Dungeon)

   [amulet of reflection]

   Reflect:   It reflects blocked missile attacks.
   Str+5:     It affects your strength (+5).
   SH+5:      It affects your SH (+5).
 r - a ring of willpower
 y - a ring of protection from cold
 K - the ring of the Hare (left blade hand) {EV+10}
   (You found it on level 9 of the Dungeon)

   [ring of evasion]

   EV+10:     It affects your evasion (+10).
 R - the ring "Ziarod" (right blade hand) {rElec rC- rN+++ AC+4 Int+3}
   (You found it in a treasure trove)

   [ring of protection]

   AC+4:      It affects your AC (+4).
   Int+3:     It affects your intelligence (+3).
   rC-:       It makes you vulnerable to cold.
   rElec:     It insulates you from electricity.
   rN+++:     It renders you almost immune to negative energy.
 T - the ring of the Good {rElec rC+ Dex+6}
   (You found it in a treasure trove)

   [ring of dexterity]

   Dex+6:     It affects your dexterity (+6).
   rC+:       It protects you from cold.
   rElec:     It insulates you from electricity.
 U - a ring of protection from fire
 V - the ring "Utysyd" {rCorr Str+4}
   (You found it in a treasure trove)

   [ring of resist corrosion]

   Str+4:     It affects your strength (+4).
   rCorr:     It protects you from acid and corrosion.
 Z - the ring of Widuokle {rPois rF+}
   (You found it in a treasure trove)

   [ring of protection from fire]

   rF+:       It protects you from fire.
   rPois:     It protects you from poison
Talismans
 c - a beast talisman
 B - a blade talisman (active)
Wands
 a - a wand of acid (1)
 d - a wand of iceblast (3)
 A - a wand of flame (35)
 F - a wand of polymorph (14)
 G - a wand of digging (2)
 O - a wand of mindburst (14)
 P - a wand of paralysis (14)
Scrolls
 e - 2 scrolls of enchant weapon
 f - a scroll of blinking
 j - 4 scrolls of poison
 n - 10 scrolls of identify
 p - 3 scrolls of silence
 q - a scroll of brand weapon
 v - 2 scrolls of fear
 x - 2 scrolls of amnesia
 I - 2 scrolls of immolation
 M - 3 scrolls of fog
 Q - 3 scrolls of revelation
Potions
 b - 6 potions of lignification
 h - a potion of cancellation
 i - 7 potions of brilliance
 k - 2 potions of attraction
 l - 2 potions of mutation
 s - a potion of invisibility {unknown}
 u - 2 potions of might
 w - 5 potions of curing
 z - 2 potions of magic
 N - 2 potions of ambrosia
Miscellaneous
 L - a phial of floods


   Skills:
 + Level 12.0 Fighting
 - Level 1.5 Dodging
 - Level 16.5 Unarmed Combat
 * Level 10.6 Invocations
 * Level 18.3 Shapeshifting


You had 15 spell levels left.
You didn't know any spells.
Your spell library contained the following spells:

 Spells                   Type           Power      Damage    Failure   Level
 Foxfire                  Conj/Fire      0%         2x1d4     43%         1
 Magic Dart               Conj           0%         1d3       43%         1
 Shock                    Conj/Air       0%         1d3       43%         1
 Blink                    Tloc           0%         N/A       56%         2
 Call Imp                 Summ           0%         N/A       56%         2
 Lesser Beckoning         Tloc           0%         N/A       56%         2
 Momentum Strike          Conj/Tloc      0%         3d8       56%         2
 Scorch                   Fire           0%         2d5       56%         2
 Static Discharge         Conj/Air       0%         3-3/arc   56%         2
 Call Canine Familiar     Summ           0%         N/A       80%         3
 Dazzling Flash           Conj/Hex       0%         N/A       80%         3
 Hailstorm                Conj/Ice       0%         3d5       80%         3
 Inner Flame              Hex/Fire       0%         N/A       80%         3
 Sigil of Binding         Hex            0%         N/A       80%         3
 Summon Ice Beast         Ice/Summ       0%         N/A       80%         3
 Swiftness                Air            0%         N/A       80%         3
 Volatile Blastmotes      Fire/Tloc      0%         2d10      80%         3
 Airstrike                Air            0%         2d(0-16)  99%         4
 Dimensional Bullseye     Hex/Tloc       0%         N/A       99%         4
 Flame Wave               Conj/Fire      0%         2d4       99%         4
 Olgreb's Toxic Radiance  Alch           0%         N/A       99%         4
 Summon Lightning Spire   Summ/Air       0%         N/A       99%         4
 Irradiate                Conj/Alch      0%         3d11      100%        5
 Summon Forest            Summ/Tloc      0%         N/A       100%        5
 Summon Mana Viper        Hex/Summ       0%         N/A       100%        5
 Plasma Beam              Fire/Air       0%         2x1d10    100%        6
 Sculpt Simulacrum        Ice/Alch       0%         N/A       100%        6
 Starburst                Conj/Fire      0%         6d3       100%        6
 Summon Cactus Giant      Summ           0%         N/A       100%        6
 Ozocubu's Refrigeration  Ice            0%         4d7       100%        7
 Discord                  Hex            0%         N/A       100%        8
 Ignition                 Fire           0%         3d3       100%        8
 Maxwell's Capacitive Co  Air            0%         ∞         100%        8


Dungeon Overview and Level Annotations

Branches:
Dungeon (15/15)            Temple (1/1) D:5            Lair (4/5) D:11
  Swamp (0/4) Lair:2       Spider (0/4) Lair:3        Slime (0/5) Lair:4
    Orc (2/2) D:10            Elf (3/3) Orc:2        Vaults (0/5) D:14
 Depths (0/4) D:15          IceCv (visited)

Altars:
Ashenzari
Cheibriados
Dithmenos
Elyvilon
Fedhas
Gozag
Hepliaklqana
Kikubaaqudgha
Makhleb
Nemelex Xobeh
Okawaru
Qazlal
Ru
Sif Muna
Trog
Uskayaw
Vehumet
Wu Jian
Xom
Yredelemnul
Zin
The Shining One

Shops:
D:4 [   D:9 [   D:10 (   Orc:2 !*[[   Elf:1 *   Elf:2 =:


Innate Abilities, Weirdness & Mutations

You have blades for hands.
You are incapable of wielding weapons or throwing items.
You are too large for most types of armour.
((You have claws for hands.))
Your natural rate of healing is unusually fast.
You are covered in thick fur. (AC +2)
You have tough skin. (AC +1)
You are strong-willed. (Will+)
Your system is resistant to poisons. (rPois)
You frequently scream uncontrollably at your foes.


Message History

Your butterfly disappears in a burst of colours!
Your butterfly is engulfed in blazing flames.
You kill your butterfly!
Your butterfly disappears in a burst of colours!
The sixfirhy barely misses you.
Your protection from fire is fading.
The sixfirhy attacks as it pursues you! You block the sixfirhy's attack.
The sixfirhy barely misses you.
The sixfirhy hits you but does no damage.
Your butterfly is engulfed in a thunderstorm.
You kill your butterfly!
Your butterfly disappears in a burst of colours!
The sixfirhy hits you but does no damage.
Your butterfly is engulfed in blazing flames.
You kill your butterfly!
Your butterfly disappears in a burst of colours!
Your butterfly is engulfed in freezing vapours.
You kill your butterfly!
Your butterfly disappears in a burst of colours!
Items here: $ )) [.
You miss the sixfirhy. You slice the sixfirhy!!
The sixfirhy is almost dead.
Something claws your butterfly!!
Your butterfly dies!
Your butterfly disappears in a burst of colours!
You shred the sixfirhy!!!
You kill the sixfirhy!
The sixfirhy disappears in a puff of smoke!
Your butterfly is engulfed in a thunderstorm.
You kill your butterfly!
Your butterfly disappears in a burst of colours!
You feel less protected from fire.
Your butterfly is engulfed in blazing flames.
You kill your butterfly!
Your butterfly disappears in a burst of colours!
The Ice Fiend claws you. The Ice Fiend freezes you!!!!
You feel a terrible chill!
You feel protected from cold.
You die...

............#
#...........#
.##..........#
.....).⌠.....##
..............##
......b........#
........☼.........#
......./○○1§.....#
...)..°.@#......#
......§.##.....#
....)..$###..1.#
...†..§..####4.#
.##[##.§...###.#
#)####.....#.# #3#
###....(# #)#
###...# #4# ###.#


You could see an Ice Fiend (summoned).

Vanquished Creatures
  2 deep elf master archers (Elf:3)
  2 deep elf blademasters (Elf:3)
  3 sphinxes (Elf:2)
  Kirke (Elf:1)
  3 deep elf sorcerers
  3 deep elf elementalists (Elf:3)
  5 deep elf death magi (Elf:3)
  4 deep elf demonologists (Elf:3)
  8 deep elf annihilators
  A white draconian (IceCv)
  3 fire dragons
  3 deep elf high priests
  3 hydras (Elf:2)
  An ice dragon (D:15)
  A catoblepas (D:15)
  A boulder beetle (D:11)
  An ogre mage (D:14)
  7 centaur warriors
  6 two-headed ogres
  29 dancing weapons
  2 tengu warriors
  3 orc high priests (Orc:2)
  17 deep elf knights
  A skeletal warrior (D:14)
  An arcanist (D:13)
  A flayed ghost (D:9)
  A harpy (shapeshifter) (D:14)
  14 deep elf archers
  4 harpies (Elf:2)
  25 deep elf pyromancers
  26 deep elf zephyrmancers
  Pikel (D:7)
  6 orc knights
  3 cyclopes
  2 ugly things
  6 orc sorcerers
  Maurice (D:8)
  15 manticores
  2 ice statues (IceCv)
  Joseph (D:8)
  3 black mambas
  2 kobold blastminers (Orc:2)
  4 cane toads
  A cane toad (shapeshifter) (Elf:2)
  A torpor snail (Lair:1)
  2 centaur skeletons (D:14)
  8 rime drakes
  2 kobold demonologists
  3 gargoyles
  A freezing wraith (D:14)
  A tengu conjurer (D:13)
  2 komodo dragons (Lair:2)
  6 trolls
  A queen bee (shapeshifter) (D:14)
  A hornet (D:9)
  2 polar bears (Lair:1)
  Prince Ribbit (Lair:1)
  8 blink frogs
  A tyrant leech (Lair:2)
  7 slime creatures
  3 air elementals
  6 fire bats (D:9)
  3 shadows
  8 wraiths
  22 yaks
  A wyvern (Lair:1)
  4 basilisks
  A human (Elf:1)
  2 hogs (Elf:1)
  2 water elementals
  2 fire elementals
  8 vampire mosquitoes
  A warg (Orc:2)
  A steam dragon (D:9)
  2 swamp worms (Lair:2)
  5 acid dragons
  5 water moccasins
  4 hell hounds (Elf:2)
  An ice beast (D:6)
  3 black bears
  19 orc warriors
  A sky beast (D:8)
  A wolf (shapeshifter) (D:15)
  5 ogres
  6 wolves (Lair:4)
  20 centaurs
  A phantom (D:5)
  A lemure (D:7)
  13 bullfrogs
  5 kobold brigands
  A gnoll sergeant (D:8)
  2 scorpions
  A brain worm (shapeshifter) (Elf:1)
  4 earth elementals
  4 killer bees
  A howler monkey (D:9)
  A vampire bat (D:9)
  3 lindwurm simulacra (IceCv)
  9 electric eels
  A lava snake (D:12)
  6 komodo dragon simulacra (IceCv)
  A bombardier beetle (D:3)
  4 hounds
  17 orc priests
  3 jellies
  A sleepcap (D:7)
  Jessica (D:2)
  2 iguanas
  22 orc wizards
  2 boggart skeletons (D:14)
  5 adders
  7 acid dragon simulacra (IceCv)
  9 gnolls
  2 ufetubi (D:6)
  5 steam dragon simulacra (IceCv)
  A dart slug (D:3)
  A ribbon worm (D:2)
  58 orcs
  19 bats
  4 endoplasms
  4 giant cockroaches
  9 goblins
  8 hobgoblins
  2 quokkas (D:4)
  A ball python (D:3)
  3 frilled lizards
  22 kobolds
  6 rats
684 creatures vanquished.

Vanquished Creatures (others)
  2 deep elf knights (Elf:2)
  A deep elf zephyrmancer (Elf:2)
  A fire elemental (Elf:1)
  A kobold brigand (D:14)
  2 orc wizards (Orc:2)
  An orc (D:10)
  A kobold (D:10)
9 creatures vanquished.

Grand Total: 693 creatures vanquished

Notes
Turn   | Place    | Note
-------+----------+-------------------------------------------
     0 | D:1      | Alphaeus the Troll Shapeshifter began the quest for the
                  | Orb.
     0 | D:1      | Reached XP level 1. HP: 18/18 MP: 0/0
   377 | D:1      | Reached skill level 1 in Fighting
   378 | D:1      | Reached XP level 2. HP: 24/27 MP: 1/1
   658 | D:1      | Reached XP level 3. HP: 33/33 MP: 2/2
   847 | D:2      | Identified the +3 mace "Licifeb" {chaos, Int+2 Dex+4}
   890 | D:2      | Noticed Jessica
   899 | D:2      | Killed Jessica
   905 | D:2      | Reached XP level 4. HP: 34/41 MP: 3/3
  1132 | D:2      | Found a faded altar of an unknown god.
  1291 | D:3      | Reached skill level 4 in Shapeshifting
  1395 | D:3      | Reached XP level 5. HP: 49/49 MP: 4/4
  1955 | D:4      | Found Reaprioch's Antique Armour Emporium.
  2200 | D:4      | Reached XP level 6. HP: 57/57 MP: 5/5
  2291 | D:4      | Found a shimmering blue altar of Sif Muna.
  2491 | D:5      | Entered Level 5 of the Dungeon
  2543 | D:5      | Reached skill level 5 in Unarmed Combat
  2596 | D:5      | Reached skill level 5 in Shapeshifting
  2627 | D:5      | Found a staircase to the Ecumenical Temple.
  2639 | D:5      | Reached XP level 7. HP: 39/66 MP: 6/6
  2653 | Temple   | Entered the Ecumenical Temple
  2740 | Temple   | Became a worshipper of Qazlal Stormbringer
  3262 | D:6      | Found a white marble altar of Elyvilon.
  3315 | D:6      | Found a glowing silver altar of Zin.
  3370 | D:6      | Reached skill level 6 in Shapeshifting
  3597 | D:6      | Reached XP level 8. HP: 71/75 MP: 7/7
  4003 | D:7      | HP: 3/76 [wraith (11)]
  4005 | D:7      | Gained mutation: You are strong-willed. (Will+) [potion of
                  | mutation]
  4005 | D:7      | Gained mutation: Your system is resistant to poisons.
                  | (rPois) [potion of mutation]
  4005 | D:7      | Gained mutation: You are covered in thick fur. (AC +2)
                  | [potion of mutation]
  4242 | D:7      | Noticed Pikel
  4253 | D:7      | Killed Pikel
  4254 | D:7      | Reached skill level 7 in Shapeshifting
  4765 | D:8      | Noticed Maurice
  4768 | D:8      | Maurice stole a flux talisman
  4773 | D:8      | Maurice stole a ring of protection from cold
  4774 | D:8      | Killed Maurice
  4775 | D:8      | Reached XP level 9. HP: 71/85 MP: 1/8
  4991 | D:8      | Reached * piety under Qazlal
  4997 | D:8      | Reached skill level 8 in Shapeshifting
  5067 | D:8      | Found a glowing golden altar of the Shining One.
  5181 | D:8      | Noticed Joseph
  5187 | D:8      | Killed Joseph
  5643 | D:9      | Reached skill level 5 in Fighting
  6061 | D:9      | Found Siaduiso's Antique Armour Shoppe.
  6102 | D:9      | Reached skill level 9 in Shapeshifting
  6102 | D:9      | Reached XP level 10. HP: 96/96 MP: 9/9
  6286 | D:9      | Reached skill level 10 in Unarmed Combat
  6301 | D:9      | Reached ** piety under Qazlal
  6728 | D:9      | Found a runed translucent door.
  6733 | D:9      | Found a bloodstained altar of Trog.
  6743 | D:9      | Found a shimmering altar of Xom.
  6759 | D:9      | Found a white marble altar of Elyvilon.
  6810 | D:9      | Found the ring of the Hare {EV+10}
  6810 | D:9      | Noticed a flayed ghost
  6851 | D:9      | Found a hazy altar of Hepliaklqana.
  6893 | D:9      | Reached skill level 10 in Shapeshifting
  6900 | D:9      | Found a hide-covered altar of Uskayaw.
  6985 | D:9      | Found a sacrificial altar of Ru.
  7018 | D:9      | Killed a flayed ghost
  7201 | D:10     | Entered Level 10 of the Dungeon
  7201 | D:10     | Noticed a gargoyle
  7205 | D:10     | Killed a gargoyle
  7206 | D:10     | Reached XP level 11. HP: 85/106 MP: 10/10
  7213 | D:9      | Reached *** piety under Qazlal
  7460 | D:10     | Found Nimn's Firing Range.
  7649 | D:10     | Noticed an orc knight
  7650 | D:10     | Noticed an orc sorcerer
  7665 | D:10     | Killed an orc knight
  7666 | D:10     | Reached skill level 11 in Shapeshifting
  7669 | D:10     | Killed an orc sorcerer
  7808 | D:10     | Reached **** piety under Qazlal
  8114 | D:10     | Found a radiant altar of Vehumet.
  8256 | D:10     | Found a staircase to the Orcish Mines.
  8368 | D:10     | Identified 2 scrolls of acquirement
  8368 | D:10     | Acquired 801 gold pieces
  8370 | D:10     | Acquired the amulet "Ogimiqoc" {Reflect Str+5 SH+5}
  8768 | D:11     | Noticed a two-headed ogre
  8772 | D:11     | Killed a two-headed ogre
  8778 | D:11     | Noticed a two-headed ogre
  8783 | D:11     | Killed a two-headed ogre
  8844 | D:11     | Noticed a boulder beetle
  8853 | D:11     | Killed a boulder beetle
  8864 | D:11     | Reached XP level 12. HP: 53/118 MP: 11/11
  8937 | D:11     | Found a staircase to the Lair.
  9342 | Lair:1   | Entered Level 1 of the Lair of Beasts
  9363 | Lair:1   | Reached skill level 12 in Shapeshifting
  9521 | Lair:1   | Noticed Prince Ribbit
  9529 | Lair:1   | Killed Prince Ribbit
  9535 | Lair:1   | Found a frozen archway.
  9540 | Lair:1   | Reached ***** piety under Qazlal
  9548 | IceCv    | Entered an ice cave
  9843 | IceCv    | Noticed a white draconian
  9853 | IceCv    | Killed a white draconian
 10601 | Lair:2   | Reached skill level 13 in Shapeshifting
 10708 | Lair:2   | You fall into a shaft and drop 2 floors!
 10747 | Lair:3   | Noticed a six-headed hydra
 10886 | Lair:2   | Reached XP level 13. HP: 123/128 MP: 12/12
 11045 | Lair:2   | Found a staircase to the Swamp.
 12385 | D:13     | Reached ****** piety under Qazlal
 12398 | D:13     | Reached skill level 15 in Unarmed Combat
 12464 | D:13     | Reached skill level 14 in Shapeshifting
 12502 | D:13     | Found a shimmering blue altar of Sif Muna.
 12940 | D:13     | Found a portal to a secret trove of treasure.
 13209 | D:4      | Bought the +3 Mad Mage's Maulers {Infuse+∞ VampMP -Cast}
                  | for 1280 gold pieces
 13209 | D:4      | Found the +3 Mad Mage's Maulers {Infuse+∞ VampMP -Cast}
 13389 | D:13     | You paid a toll of Mad Mage's Maulers to enter a treasure
                  | trove
 13390 | Trove    | Entered a treasure trove
 13402 | Trove    | Identified the ring of the Good {rElec rC+ Dex+6}
 13406 | Trove    | Identified the ring "Utysyd" {rCorr Str+4}
 13408 | Trove    | Identified the ring of Democracy {Wiz Str+3 Int+5}
 13412 | Trove    | Identified the amulet "Letemyt" {Spirit Fly SInv}
 13414 | Trove    | Identified the ring of Widuokle {rPois rF+}
 13416 | Trove    | Identified the amulet of False Pretenses {Acrobat MP+9}
 13417 | Trove    | Identified the ring "Ziarod" {rElec rC- rN+++ AC+4 Int+3}
 13418 | Trove    | Identified the amulet "Kuno" {Faith Str+5}
 13433 | Trove    | Identified the amulet "Daxtel" {Faith rC+ Dex+5}
 13605 | Orc:1    | Entered Level 1 of the Orcish Mines
 13648 | Orc:1    | Found a bloodstained altar of Trog.
 13800 | Orc:2    | Entered Level 2 of the Orcish Mines
 13801 | Orc:2    | Found a staircase to the Elven Halls.
 13945 | Orc:2    | Gained mutation: You occasionally shout uncontrollably at
                  | your foes. [a neqoxec]
 13946 | Orc:2    | Gained mutation: You frequently scream uncontrollably at
                  | your foes. [a neqoxec]
 14146 | Orc:2    | Found Kynnyav's Antique Armour Shoppe.
 14150 | Orc:2    | Found Ejosaniph's Distillery.
 14157 | Orc:2    | Found Xosiass's Assorted Antiques.
 14159 | Orc:2    | Found Fagaashri's Antique Armour Shoppe.
 14480 | D:14     | Noticed a fire dragon
 14486 | D:14     | Killed a fire dragon
 14487 | D:14     | Reached XP level 14. HP: 107/140 MP: 13/13
 14577 | D:14     | Found an ornate altar of the Wu Jian Council.
 14909 | D:14     | Reached skill level 15 in Shapeshifting
 15169 | D:14     | Found a gate to the Vaults.
 15479 | D:15     | Entered Level 15 of the Dungeon
 15888 | D:15     | Found a staircase to the Depths.
 16072 | Elf:1    | Entered Level 1 of the Elven Halls
 16089 | Elf:1    | Reached skill level 10 in Fighting
 16091 | Elf:1    | Reached skill level 1 in Invocations
 16170 | Elf:1    | You fall into a shaft and drop 1 floor!
 16327 | Elf:1    | Found Usuo's General Store.
 16598 | Elf:1    | Noticed a deep elf sorcerer
 16605 | Elf:1    | Reached XP level 15. HP: 139/150 MP: 17/17
 16607 | Elf:1    | Killed a deep elf sorcerer
 16608 | Elf:1    | Reached skill level 16 in Shapeshifting
 16729 | Elf:1    | Noticed Kirke
 16731 | Elf:1    | Killed Kirke
 16829 | Elf:1    | Reached skill level 5 in Invocations
 17348 | Elf:2    | Found Izyfee Eten's Jewellery Emporium.
 17383 | Elf:2    | Paralysed by an air elemental for 1 turns
 17455 | Elf:2    | Noticed a sphinx
 17463 | Elf:2    | Killed a sphinx
 17475 | Elf:2    | Noticed a sphinx
 17491 | Elf:2    | Killed a sphinx
 17695 | Elf:2    | Found Utyo's Tremendous Tomes.
 17757 | Elf:2    | Noticed a sphinx
 17757 | Elf:2    | Paralysed by a sphinx for 2 turns
 17764 | Elf:2    | Killed a sphinx
 17971 | Elf:2    | Reached skill level 17 in Shapeshifting
 17978 | Elf:2    | Found a runed translucent gate.
 17978 | Elf:2    | Found a runed translucent gate.
 17978 | Elf:2    | Found a runed translucent gate.
 18148 | Elf:2    | HP: 7/154 [+1 halberd of flaming (3)]
 18339 | Elf:2    | Reached XP level 16. HP: 143/162 MP: 21/21
 18895 | Elf:3    | Entered Level 3 of the Elven Halls
 19608 | Elf:3    | Noticed a deep elf blademaster
 19627 | Elf:3    | Killed a deep elf blademaster
 19638 | Elf:3    | Noticed a deep elf master archer
 19645 | Elf:3    | Noticed a deep elf master archer
 19646 | Elf:3    | Noticed a deep elf blademaster
 19664 | Elf:3    | Killed a deep elf blademaster
 19665 | Elf:3    | Reached skill level 18 in Shapeshifting
 19666 | Elf:3    | Reached skill level 10 in Invocations
 19667 | Elf:3    | HP: 8/165 [deep elf master archer/arrow (4)]
 19668 | Elf:3    | Killed a deep elf master archer
 19798 | Elf:3    | Killed a deep elf master archer
 19822 | Elf:3    | Noticed an Executioner
 20060 | Elf:3    | Noticed an Ice Fiend
 20087 | Elf:3    | Noticed an Ice Fiend
 20094 | Elf:3    | Noticed an Executioner
 20114 | Elf:3    | Demolished by an Ice Fiend

Illustrated notes

Levels and vault maps discovered:
D:1:      lightli_arrival_boilingwater, layout_basic
D:2:      layout_rooms, shapermc_ecumenical_altar_mp_urbaneastern, uniq_jessica
D:3:      layout_loops_ring
D:4:      layout_loops_cross, lemuel_doored_altar, serial_shops, shop
D:5:      layout_rooms, minmay_temple_entry_mini_moons, minmay_manual_monstrance
D:6:      layout_loops_ring, mainiacjoe_overflow_catch_the_wave
D:7:      layout_loops_ring, uniq_pikel
D:8:      layout_loops_corners, nicolae_tso_carved_into_rock, uniq_joseph,
          uniq_maurice
D:9:      due_megacathedral, layout_basic, serial_shops, nicolae_stop_n_shop_1,
          roderic_batcave
D:10:     layout_loops_cross, general_overflow_altar, hiddenorc1_lemuel,
          serial_bayou, serial_bayou_crossing, serial_bayou_lake_a,
          serial_bayou_pond_b, serial_bayou_pond_a, nicolae_shop_firing_range
D:11:     layout_roguey [special_room_orc], due_lair_maze_entry_diamond,
          nicolae_water_bricks
D:12:     layout_cave_pools, st_stairs_12, kennysheep_flooded_box
D:13:     layout_gridville, enter_trove_3, nicolae_sif_muna_condensation
D:14:     layout_roguey, hangedman_vaults_entry_quadrant_bands,
          nicolae_wu_jian_wuxing_cycle, kennysheep_cross_room,
          minmay_fractal_squares_diagonal_5
D:15:     grunt_enter_depths_hoard, layout_cave_pools, minmay_misc_feat_plants
Temple:   minmay_crystal_spiral_temple
Lair:1:   layout_cellular_growth, portal_ice_cave_rime, uniq_prince_ribbit2
Lair:2:   layout_cave_pods, minmay_swamp_entry_worms, serial_bayou_pond_b,
          minmay_holes, st_stairs_4, chequers_serial_rivers_room_b
Lair:3:   layout_cave_pods, spider_nest_entry_rubble
Lair:4:   layout_gridlike, minmay_slime_entry_pillars, serial_bayou_shore_a,
          uniq_rupert, uniq_urug
Orc:1:    layout_diamond_mine, basic_altar
Orc:2:    st_orc_elflike, layout_caves
Elf:1:    minmay_elf_arrival_circle, layout_geoelf_grid, serial_shops,
          nicolae_shop_tiny_statue_garden, kennysheep_underground_church,
          uniq_kirke
Elf:2:    nicolae_elf_blades_splatter_lattice [nicolae_blade_lattice],
          layout_geoelf_octagon, special_room [special_room_mythical_zoo],
          minmay_shop_enchanted_jewellery, nicolae_shop_i_like_big_books
Elf:3:    elf_hall, layout_geoelf_grid, dk_noncrumbling_3

Skill      XL: |  1  2  3  4  5  6  7  8  9 10 11 12 13 14 15 16 |
---------------+-------------------------------------------------+-----
Fighting       | 1 2 3 4 5 6 7 8 9 10 11 12 | 12.0
Unarmed Combat | 4 5 6 8 9 11 12 14 15 16 | 16.5
Shapeshifting  | 4 5 6 7 9 10 11 13 14 15 17 18 | 18.3
Invocations    | 4 8 10 | 10.6
Dodging        | |  1.5

Action                     |  1- 3 |  4- 6 |  7- 9 | 10-12 | 13-15 | 16-18 || total
---------------------------+-------+-------+-------+-------+-------+-------++-------
  Melee: Unarmed           |    69 |   127 |   219 |   513 |   648 |   253 ||  1829
         Punch             |       |     2 |     9 |    22 |    44 |    13 ||    90
 Invoke: Upheaval          |       |       |       |       |     4 |     1 ||     5
         Disaster Area     |       |       |       |       |       |     1 ||     1
  Evoke: Wand              |       |       |       |       |     1 |     1 ||     2
    Use: Potion            |       |       |     4 |     2 |     6 |     4 ||    16
         Scroll            |       |       |       |    19 |    16 |     6 ||    41
   Stab: Sleeping          |       |       |     1 |       |       |       ||     1
 Armour: Animal skin       |    59 |    80 |   187 |   216 |    33 |       ||   575
         Skin              |       |       |       |     4 |       |       ||     4
         Acid dragon scale |       |       |       |       |   314 |   123 ||   437
  Dodge: Dodged            |    46 |    58 |   124 |   262 |   454 |    85 ||  1029
         Repelled          |       |       |       |     7 |    16 |     8 ||    31
  Block: Other             |       |       |     5 |   161 |   293 |    68 ||   527
         Reflection        |       |       |       |     7 |    43 |     8 ||    58
   Form: Blade             |       |       |       |       |       |     1 ||     1
